 Dungeon Crawl Stone Soup version 0.29.0-10-g45618ea6d2 (webtiles) character file.

Game seed: 15179233500972547352

5357 Monkooky the Black Sun (level 10, -1/68 HPs)
             Began as a Demonspawn Artificer on Sept 1, 2022.
             Was a High Priest of Kikubaaqudgha.
             Slain by a gnoll
             ... wielding a +0 halberd
              (6 damage)
             ... in a bailey.
             The game lasted 00:36:19 (11947 turns).

Monkooky the Black Sun (Demonspawn Artificer)      Turns: 11947, Time: 00:36:20

Health: -1/68      AC:  7    Str:  9    XL:     10   Next: 39%
Magic:  2/18       EV: 11    Int: 17    God:    Kikubaaqudgha [*****.]
Gold:   587        SH:  0    Dex: 14    Spells: 0/19 levels left

rFire   . . .      SeeInvis .   R - staff of death
rCold   . . .      Faith    .   (no shield)
rNeg    + + .      Spirit   .   K - +2 robe of the Jocular God {+Blink rPois rN+ Str-3}
rPois   +          Reflect  .   q - +0 helmet
rElec   .          Harm     .   (no cloak)
rCorr   .          Rampage  .   (no gloves)
Will    .....                   (boots unavailable)
Stlth   ++........              (no amulet)
HPRegen 0.21/turn               (no ring)
MPRegen 0.16/turn               (no ring)

@: death channelling
A: hooves 3, slimy green scales 1, powered by pain 2, demonic magic 1
a: Renounce Religion, Evoke Blink, Unearth Wretches, Torment


You were in a bailey.
You worshipped Kikubaaqudgha.
Kikubaaqudgha was extremely pleased with you.
You visited 2 branches of the dungeon, and saw 10 of its levels.
You also visited: Ossuary and Bailey.

You collected 587 gold pieces.

Inventory:

Hand Weapons
 a - a +0 club
 f - a +0 dagger
 o - a +0 rapier
 y - the +6 dagger of Fiasis {flame, Fly Str+2}
   (You found it on level 4 of the Dungeon)

   It burns those it strikes, dealing additional fire damage.
   Str:       It affects your strength (+2).
   Fly:       It grants you flight.
Missiles
 s - 6 poisoned darts
 z - 5 throwing nets
 A - 4 curare-tipped darts
Armour
 b - a +0 leather armour
 j - a +0 pair of boots
 q - a +0 helmet (worn)
 u - a +0 cloak
 x - a scarf of harm
 K - the +2 robe of the Jocular God (worn) {+Blink rPois rN+ Str-3}
   (You found it on level 7 of the Dungeon)

   Str:       It affects your strength (-3).
   rPois:     It protects you from poison.
   rN:        It protects you from negative energy.
   +Blink:    It lets you blink.
Magical Staves
 R - a staff of death (weapon)
Jewellery
 N - a ring of ice
Wands
 c - a wand of flame (1)
 d - a wand of charming (13)
 m - a wand of polymorph (9)
 O - a wand of digging (3)
 Q - a wand of mindburst (21)
Scrolls
 e - a scroll of fear {unknown}
 g - 3 scrolls of blinking {unknown}
 l - a scroll of fog
 p - 3 scrolls of enchant weapon {unknown}
 r - a scroll of vulnerability
 v - 3 scrolls of immolation {unknown}
 w - a scroll of torment
 B - 6 scrolls of teleportation
 C - 2 scrolls of acquirement {unknown}
 I - a scroll of enchant armour
 M - a scroll of brand weapon {unknown}
 P - a scroll of amnesia
 S - a scroll of poison {unknown}
 T - a scroll of silence {unknown}
Potions
 h - a potion of curing
 i - 2 potions of flight
 k - 3 potions of lignification {unknown}
 n - 3 potions of ambrosia {unknown}
 t - 3 potions of haste {unknown}
 D - a potion of resistance {unknown}
 E - 2 potions of mutation {unknown}
 F - a potion of berserk rage {unknown}
 G - a potion of brilliance {unknown}
 H - a potion of attraction {unknown}
 J - 2 potions of magic {unknown}
 L - a potion of heal wounds {unknown}


   Skills:
 - Level 2.5 Fighting
 - Level 3.0 Short Blades
 - Level 1.7 Armour
 - Level 0.8 Dodging
 - Level 3.5 Stealth
 - Level 5.4 Spellcasting
 + Level 11.2 Necromancy
 - Level 7.2 Earth Magic
 - Level 3.0 Evocations


You couldn't memorise any spells.
You knew the following spells:

 Your Spells              Type           Power      Damage    Failure   Level
a - Necrotise             Necr           100%       1d9       1%          1
b - Vampiric Draining     Necr           59%        2d10      1%          3
c - Sublimation of Blood  Necr           59%        N/A       1%          2
d - Scorch                Fire           8%         2d5       21%         2
e - Borgnjor's Vile Clut  Necr/Erth      26%        N/A       9%          5
f - Death Channel         Necr           29%        N/A       21%         6

Your spell library contained the following spells:

 Spells                   Type           Power      Damage    Failure   Level
 Animate Dead             Necr           59%        N/A       1%          4
 Agony                    Necr           59%        N/A       3%          5
 Foxfire                  Conj/Fire      16%        2x1d4     14%         1
 Anguish                  Hex/Necr       17%        N/A       14%         4
 Corpse Rot               Necr/Pois/Air  26%        N/A       28%         4
 Conjure Flame            Conj/Fire      4%         6-21      38%         3
 Inner Flame              Hex/Fire       4%         N/A       38%         3
 Flame Wave               Conj/Fire      4%         2d5       80%         4
 Summon Ice Beast         Ice/Summ       4%         N/A       80%         4
 Simulacrum               Ice/Necr       17%        N/A       91%         6
 Summon Mana Viper        Hex/Summ       4%         N/A       98%         5
 Summon Cactus Giant      Summ           2%         N/A       100%        6
 Monstrous Menagerie      Summ           2%         N/A       100%        7


Dungeon Overview and Level Annotations

Branches:
Dungeon (9/15)             Temple (1/1) D:4         Ossuary (visited)
 Bailey (1/1)
   Lair: D:8-11         Orc: D:9-12

Altars:
Ashenzari
Gozag
Kikubaaqudgha
Makhleb
Nemelex Xobeh
Qazlal
Ru
Trog
Xom

Shops:
D:2 :   D:8 :

Annotations:
D:2 exclusion: downstairs
D:3 1 exclusion, Sigmund
D:5 exclusion: 2 downstairs
D:7 exclusion: downstairs
D:8 exclusion: downstairs
Temple 2 transporters


Innate Abilities, Weirdness & Mutations

You have hooves in place of feet.
You are partially covered in slimy green scales. (AC +2)
You sometimes gain power by taking damage.
Spells you cast may paralyse adjacent enemies.


Message History

Your spectral gnoll bouda hits the wolf.
Your spectral gnoll bouda drains the wolf.
The helpless wolf fails to defend itself.
You hit the wolf.
The wolf writhes in agony.
You kill the wolf!
Kikubaaqudgha accepts your kill.
A glowing mist starts to gather...
The gnoll hits your spectral gnoll sergeant with a +0 trident!
Your spectral gnoll sergeant is destroyed!
The gnoll hits you from afar with a +0 halberd!
Something hits your spectral gnoll!
Your spectral gnoll is destroyed!
The gnoll sergeant hits you from afar with a +0 glaive!
The gnoll closely misses you.
The gnoll sergeant hits you from afar with a +0 glaive!
* * * LOW HITPOINT WARNING * * *
Aiming: Vampiric Draining (safe; 1% risk of failure)
Press: ? - help, Q - select action, (/) - cycle Shift-Dir - straight line, f - gnoll sergeant
Aim: a gnoll sergeant, wielding a +0 glaive and wearing a +0 plate armour (lightly wounded, lightly drained)
You feel a surge of power!
You draw life force from the gnoll sergeant!
You feel life coursing into your body. Malevolent energies surge around you.
The gnoll sergeant suddenly stops moving!
Your spectral gnoll bouda hits the gnoll sergeant but does no damage.
The gnoll sergeant barely misses you. The gnoll barely misses you.
The gnoll hits you from afar with a +0 trident.
* * * LOW HITPOINT WARNING * * *
Okay, then.
Throw: 6 throwing nets
Press: ? - help, Shift-Dir - straight line, f - gnoll sergeant, p - gnoll sergeant
Aim: a gnoll sergeant, wielding a +0 glaive and wearing a +0 crystal plate armour (ally target, 74% to hit)
You throw a throwing net.
The throwing net barely misses the gnoll sergeant.
Your spectral gnoll bouda hits the gnoll sergeant but does no damage.
Your spectral wolf barely misses the gnoll sergeant.
The gnoll sergeant hits you from afar with a +0 glaive.
* * * LOW HITPOINT WARNING * * *
The gnoll hits you from afar with a +0 halberd.
You die...
Kikubaaqudgha rasps: "You have failed me!
Welcome... death!"

##.8..... #. ♣≈.
##........ #. ♣≈.
#....g.. #.
♣≈..#.....##### #.
♣≈..#..).##...## #.
♣≈..##g###.....######.
♣≈..(gZ.#.......#...'.
♣≈.....)')..8...)).)'.
♣≈...@Z.#.......#.))))
♣≈..##g###.....######.
♣≈..#(gg.##...## #.
♣≈. #.g...##### #. ♣≈.
#.......+ #. ♣≈
##......# #. ##.8...#
###. ###### #...
≈≈≈≈≈≈≈≈≈≈


You could see 2 gnoll sergeants, a gnoll bouda, 3 gnolls, a friendly spectral
wolf and a friendly spectral gnoll bouda.

Vanquished Creatures
  A centaur warrior (D:9)
  Maurice (D:8)
  A troll (D:9)
  A wyvern (D:8)
  A yak (D:9)
  4 steam dragons
  A water moccasin (D:9)
  2 orc warriors
  2 black bears
  An ogre (D:5)
  A centaur (D:9)
  A wolf (Bailey)
  2 bullfrogs (D:6)
  2 scorpions (D:6)
  A necrophage (D:5)
  3 gnoll sergeants (Bailey)
  8 wights
  7 killer bees (D:8)
  2 vampire bats (D:9)
  2 human zombies (Ossuary)
  3 jellies
  6 gnoll boudas
  6 orc priests
  5 hounds
  5 orc wizards
  4 iguanas (D:6)
  4 mummies (Ossuary)
  27 gnolls
  3 adders
  2 shadow imps
  3 white imps
  2 ufetubi
  2 adder zombies (Ossuary)
  A worm (D:2)
  3 dart slugs
  30 orcs
  6 bats
  3 bat skeletons (D:9)
  3 bat zombies (D:9)
  4 endoplasms
  2 giant cockroaches
  A gnoll zombie (Ossuary)
  7 hobgoblins
  4 jackals (D:1)
  A quokka (D:2)
  3 ball pythons
  A frilled lizard (D:1)
  10 goblins
  A goblin zombie (Ossuary)
  A hobgoblin zombie (Ossuary)
  12 kobolds
  2 kobold zombies (Ossuary)
  An orc zombie (Ossuary)
  6 rats
  2 rat zombies (Ossuary)
220 creatures vanquished.

Vanquished Creatures (collateral kills)
  2 kobolds (D:9)
2 creatures vanquished.

Vanquished Creatures (others)
  An iguana (D:4)
  A plant (D:1)
2 creatures vanquished.

Grand Total: 224 creatures vanquished

Notes
Turn   | Place    | Note
-------+----------+-------------------------------------------
     0 | D:1      | Monkooky the Demonspawn Artificer began the quest for the
                  | Orb.
     0 | D:1      | Reached XP level 1. HP: 15/15 MP: 1/1
   365 | D:1      | Gained mutation: You sometimes gain a little power by
                  | taking damage. [demonic ancestry]
   365 | D:1      | Reached XP level 2. HP: 7/22 MP: 2/2
  1364 | D:1      | Found a faded altar of an unknown god.
  1379 | D:1      | Prayed at the altar of an unknown god.
  1379 | D:1      | Became a worshipper of Kikubaaqudgha
  1379 | D:1      | Reached * piety under Kikubaaqudgha
  1379 | D:1      | Received a gift from Kikubaaqudgha
  1382 | D:1      | Learned a level 1 spell: Necrotise
  1498 | D:1      | Reached skill level 1 in Necromancy
  1699 | D:1      | Gained mutation: Spells you cast may paralyse adjacent
                  | enemies. [demonic ancestry]
  1699 | D:1      | Reached XP level 3. HP: 25/28 MP: 0/3
  1956 | D:2      | Found a shimmering altar of Xom.
  2281 | D:2      | Reached skill level 2 in Necromancy
  2822 | D:2      | Found Cewuc's Book Shoppe.
  3619 | D:3      | Gained mutation: You have large cloven feet. [demonic
                  | ancestry]
  3619 | D:3      | Reached XP level 4. HP: 34/34 MP: 2/5
  3623 | D:3      | Learned a level 3 spell: Vampiric Draining
  3673 | D:3      | Noticed Sigmund
  3780 | D:3      | Reached ** piety under Kikubaaqudgha
  3897 | D:3      | Reached skill level 1 in Spellcasting
  3915 | D:3      | Reached skill level 3 in Necromancy
  4332 | D:4      | Found a staircase to the Ecumenical Temple.
  4363 | Temple   | Entered the Ecumenical Temple
  4363 | Temple   | Found a transporter.
  4363 | Temple   | Found a transporter.
  4698 | D:4      | Gained mutation: You have hoof-like feet. [demonic
                  | ancestry]
  4698 | D:4      | Reached XP level 5. HP: 21/39 MP: 0/7
  4852 | D:4      | Found an opulent altar of Gozag.
  5057 | D:4      | Reached skill level 4 in Necromancy
  5139 | D:4      | Identified the +6 dagger of Fiasis {flame, Fly Str+2}
  5610 | D:4      | Learned a level 2 spell: Sublimation of Blood
  6154 | D:5      | Entered Level 5 of the Dungeon
  6161 | D:5      | Gained mutation: You have hooves in place of feet. [demonic
                  | ancestry]
  6161 | D:5      | Reached XP level 6. HP: 46/46 MP: 9/9
  6164 | D:5      | Reached skill level 5 in Necromancy
  6181 | D:5      | Learned a level 2 spell: Scorch
  6454 | D:5      | Identified the +6 trident "Bung" {venom, Fragile rElec
                  | Str+2}
  6527 | D:5      | Found a sand-covered staircase.
  6532 | Ossuary  | Entered an ossuary
  6555 | Ossuary  | Reached *** piety under Kikubaaqudgha
  6555 | Ossuary  | Received a gift from Kikubaaqudgha
  6567 | Ossuary  | Reached skill level 6 in Necromancy
  6579 | Ossuary  | Gained mutation: You are partially covered in slimy green
                  | scales. (AC +2) [demonic ancestry]
  6579 | Ossuary  | Reached XP level 7. HP: 44/51 MP: 9/11
  7346 | D:5      | Reached skill level 7 in Necromancy
  7814 | D:6      | Noticed a steam dragon
  7864 | D:6      | Reached skill level 1 in Stealth
  7867 | D:6      | Killed a steam dragon
  7868 | D:6      | Reached skill level 1 in Short Blades
  7868 | D:6      | Gained mutation: You sometimes gain power by taking damage.
                  | [demonic ancestry]
  7868 | D:6      | Reached XP level 8. HP: 54/57 MP: 7/14
  8208 | D:5      | Learned a level 5 spell: Borgnjor's Vile Clutch
  8261 | D:6      | Reached skill level 1 in Earth Magic
  8601 | D:6      | Reached skill level 8 in Necromancy
  8606 | D:6      | Reached **** piety under Kikubaaqudgha
  9351 | D:7      | Identified the +2 robe of the Jocular God {+Blink rPois rN+
                  | Str-3}
  9465 | D:7      | Reached XP level 9. HP: 58/62 MP: 11/15
  9888 | D:8      | Noticed Maurice
  9896 | D:8      | Killed Maurice
  9903 | D:8      | Reached skill level 9 in Necromancy
 10081 | D:8      | Reached skill level 5 in Earth Magic
 10372 | D:8      | Noticed a two-headed ogre
 10660 | D:8      | Reached skill level 10 in Necromancy
 10865 | D:8      | Found Ewki Roi's Book Boutique.
 11131 | D:9      | Noticed a troll
 11139 | D:9      | Killed a troll
 11146 | D:9      | HP: 1/62 [water moccasin (8)]
 11147 | D:9      | Reached XP level 10. HP: 1/68 MP: 1/16
 11270 | D:9      | Found an ancient bone altar of Kikubaaqudgha.
 11400 | D:9      | Noticed a centaur warrior
 11413 | D:9      | Killed a centaur warrior
 11414 | D:9      | Reached skill level 5 in Spellcasting
 11546 | D:9      | Found a flagged portal.
 11612 | Bailey   | Entered a bailey
 11621 | Bailey   | Reached ***** piety under Kikubaaqudgha
 11703 | Bailey   | Reached skill level 11 in Necromancy
 11750 | Bailey   | Learned a level 6 spell: Death Channel
 11947 | Bailey   | Slain by a gnoll

Illustrated notes

Levels and vault maps discovered:
D:1:      lightli_arrival_maybe_door_vault, layout_basic,
          shapermc_ecumenical_altar_ellora
D:2:      layout_basic, basic_altar, serial_shops, nicolae_shop_behind_doors
D:3:      layout_loops_cross, uniq_crazy_yiuf_cottage, uniq_sigmund
D:4:      layout_layer_cave, mainiacjoe_overflow_small_starburst,
          minmay_temple_entry_gardened_gates
D:5:      layout_basic, enter_ossuary_5
D:6:      layout_rooms, kennysheep_generic_room_5
D:7:      layout_basic
D:8:      layout_loops_ring, serial_shops, nicolae_shop_stone, uniq_maurice
D:9:      layout_irregular_city, kennysheep_okawaru_gauntlet,
          kennysheep_vampire_church, enter_bailey_4, st_stairs_3
Temple:   hellmonk_temple_divided_pantheon
Bailey:   bailey_polearm_gnolls_kennysheep, bailey

Skill      XL: |  1  2  3  4  5  6  7  8  9 10 |
---------------+-------------------------------+-----
Fighting       | 2 |  2.5
Necromancy     | 1 2 3 4 6 7 8 10 11 | 11.2
Spellcasting   | 1 2 3 4 5 |  5.4
Stealth        | 2 3 |  3.5
Short Blades   | 1 3 |  3.0
Earth Magic    | 4 6 7 |  7.2
Armour         | |  1.7
Dodging        | |  0.8
Evocations     | |  3.0

Action                   |  1- 3 |  4- 6 |  7- 9 | 10-12 || total
-------------------------+-------+-------+-------+-------++-------
Melee: Dagger            |   166 |    93 |    97 |     2 ||   358
       Club              |     2 |       |       |       ||     2
       Punch             |       |     1 |     1 |       ||     2
       Kick              |       |    15 |    37 |    11 ||    63
       Staff             |       |       |    35 |    37 ||    72
Throw: Throwing net      |       |       |       |     1 ||     1
 Cast: Necrotise         |    45 |    29 |    18 |       ||    92
       Vampiric Draining |       |    14 |    51 |    19 ||    84
       Scorch            |       |     1 |     5 |       ||     6
       Sublimation of Bl |       |     1 |       |       ||     1
       Borgnjor's Vile C |       |       |     6 |    11 ||    17
       Death Channel     |       |       |       |     1 ||     1
Evoke: Wand              |    10 |     8 |       |     6 ||    24
  Use: Scroll            |       |       |     4 |     3 ||     7
       Potion            |       |       |       |     3 ||     3
 Stab: Sleeping          |     1 |       |     5 |       ||     6
       Paralysed         |    18 |    18 |    40 |    11 ||    87
       Distracted        |       |       |     1 |       ||     1
Armor: Leather armour    |    65 |    29 |    29 |       ||   123
       Robe              |       |       |    29 |    39 ||    68
Dodge: Dodged            |   115 |    55 |   107 |    95 ||   372
